 Dungeon Crawl Stone Soup version 0.26-a0-812-g31a745ddcd (webtiles) character file.

Game seed: 17286077330553674952

171 mkm the Firebug (level 5, -7/28 HPs)
             Began as a Gargoyle Fire Elementalist on Dec 3, 2020.
             Mangled by an iguana (9 damage)
             ... on level 3 of the Dungeon.
             The game lasted 00:09:22 (3501 turns).

mkm the Firebug (Gargoyle Fire Elementalist)        Turns: 3501, Time: 00:09:23

Health: -7/28      AC:  6    Str: 11    XL:     5   Next: 51%
Magic:  4/10       EV: 12    Int: 17    God:
Gold:   144        SH:  0    Dex: 10    Spells: 9/10 levels left

rFire    . . .     SeeInvis .   g - +0 dagger
rCold    . . .     Faith    .   (no shield)
rNeg     + + .     Spirit   .   a - +0 robe
rPois    ∞         Reflect  .   (no helmet)
rElec    +         Harm     .   (no cloak)
rCorr    .         Rampage  .   (no gloves)
MR       .....                  (no boots)
Stlth    ++........             (no amulet)
HPRegen  0.09/turn              c - ring of poison resistance
MPRegen  0.12/turn              r - ring of positive energy

@: very slightly contaminated
A: negative energy resistance 1, electricity resistance, unbreathing,
petrification resistance, rot immunity, AC +4
a: no special abilities


You were on level 3 of the Dungeon.
You visited 1 branch of the dungeon, and saw 4 of its levels.

You collected 144 gold pieces.

Inventory:

Hand Weapons
 g - a +0 dagger (weapon)
 s - a +0 dagger of pain
Armour
 a - a +0 robe (worn)
Jewellery
 c - a ring of poison resistance (left hand)
 n - an uncursed ring of ice
 r - a ring of positive energy (right hand)
Scrolls
 b - 3 scrolls of identify
 f - a scroll of enchant armour {unknown}
 h - a scroll of fog {unknown}
 j - 2 scrolls of teleportation {unknown}
 l - a scroll of fear {unknown}
 m - 2 scrolls of remove curse {unknown}
Potions
 d - a potion of heal wounds
 e - a potion of berserk rage {unknown}
 i - a potion of curing {unknown}
 k - a potion of haste {unknown}
 o - a potion of degeneration {unknown}
 p - a potion of might {unknown}
 q - 2 potions of cancellation {unknown}


   Skills:
 - Level 1.5 Dodging
 - Level 2.1 Stealth
 + Level 3.3 Spellcasting
 + Level 3.3 Conjurations
 + Level 4.2 Fire Magic


You had 9 spell levels left.
You knew the following spells:

 Your Spells              Type           Power        Failure   Level
a - Foxfire               Conj/Fire      ###.         3%          1

Your spell library contained the following spells:

 Spells                   Type           Power        Failure   Level
 Conjure Flame            Conj/Fire      ###.....     11%         3
 Inner Flame              Hex/Fire       ##......     22%         3
 Sticky Flame             Conj/Fire      ###.....     34%         4
 Fireball                 Conj/Fire      ###.......   69%         5


Dungeon Overview and Level Annotations

Branches:
Dungeon (4/15)
 Temple: D:4-7

Altars:


Innate Abilities, Weirdness & Mutations

You are resistant to torment.
Your stone body is resilient. (AC +4)
You are immune to poison.
You resist negative energy. (rN+)
You are resistant to electric shocks. (rElec)
You can survive without breathing.
You are immune to petrification.
You are immune to rotting.


Message History

The foxfire hits the iguana!
The iguana is severely wounded.
The iguana closely misses you.
Casting: Foxfire (safe; 3% risk of failure)
Confirm with . or Enter, or press ? or * to list all spells.
You conjure some foxfire!
The iguana bites you.
The foxfire hits the iguana.
The iguana is almost dead.
The foxfire hits the iguana.
The iguana is almost dead.
The iguana hisses menacingly.
The iguana barely misses you.
Casting: Foxfire (safe; 3% risk of failure)
Confirm with . or Enter, or press ? or * to list all spells.
You miscast Foxfire.
You are very lightly contaminated with residual magic.
Nothing appears to happen.
The iguana bites you!
* * * LOW HITPOINT WARNING * * *
The iguana bites you!
You die...

####### ##.....## ##.......##
#.........# #.........# #####
######## #####.........# #...#
.......####...#..†......# #...#
........)..(....@l......###...###
.......###..............##......#
##.##### ######...............#.#
#.# #.........##....#.. #.#
#...............### #.#
#............#..##. ##.######
##.......#......... #.......#
##.....###.###....
#.......############.##...# #.###


You could see an iguana.

Vanquished Creatures
  A hound (D:4)
  An iguana (D:3)
  5 adders
  2 worms
  A dart slug (D:2)
  2 leopard geckos
  2 orcs
  6 giant cockroaches
  13 goblins
  6 hobgoblins
  3 jackals (D:1)
  9 bats
  3 frilled lizards
  5 kobolds
  3 rats
62 creatures vanquished.

Vanquished Creatures (others)
  170 foxfires
170 creatures vanquished.

Grand Total: 232 creatures vanquished

Notes
Turn   | Place    | Note
-------+----------+-------------------------------------------
     0 | D:1      | mkm the Gargoyle Fire Elementalist began the quest for the
                  | Orb.
     0 | D:1      | Reached XP level 1. HP: 10/10 MP: 3/3
   175 | D:1      | Reached XP level 2. HP: 4/15 MP: 0/5
  1504 | D:2      | Reached XP level 3. HP: 19/19 MP: 1/6
  2063 | D:2      | Reached XP level 4. HP: 24/24 MP: 3/8
  3227 | D:4      | Reached skill level 4 in Fire Magic
  3238 | D:4      | Reached XP level 5. HP: 9/28 MP: 5/9
  3501 | D:3      | Mangled by an iguana

Illustrated notes

Levels and vault maps discovered:
D:1:      kennysheep_arrival_seaside, layout_basic, grunt_decor_junction,
          minmay_misc_feat_pillars
D:2:      layout_rooms
D:3:      layout_rooms, minmay_misc_feat_four_crosses
D:4:      layout_cave_pods, portal_sewer_entry_b

Skill      XL: |  1  2  3  4 |
---------------+-------------+-----
Conjurations   | 2 3 |  3.3
Spellcasting   | 3 |  3.3
Fire Magic     | 4 |  4.2
Dodging        | |  1.5
Stealth        | |  2.1

Action                   |  1- 3 |  4- 6 || total
-------------------------+-------+-------++-------
Melee: Unarmed           |     3 |       ||     3
       Dagger            |     6 |    29 ||    35
 Cast: Foxfire           |    58 |    40 ||    98
  Use: Scroll            |     2 |     1 ||     3
       Potion            |       |     1 ||     1
Armor: Robe              |    18 |    28 ||    46
Dodge: Dodged            |    57 |    38 ||    95

Table legend: (Time is in decaauts)
 A = Elapsed time spent in this place.
 B = Non-inter-level travel time spent in this place.
 C = Inter-level travel time spent in this place.
 D = Time resting spent in this place.
 E = Time spent auto-exploring this place.
 F = Levels seen in this place.
 G = Mean time per level.
                   A        B        C        D        E       F      G
               +--------+--------+--------+--------+--------+-----+--------+
         Total |   3502 |   3407 |     95 |   1228 |   1528 |   4 |  875.5 |
       Dungeon |   3502 |   3407 |     95 |   1228 |   1528 |   4 |  875.5 |
               +--------+--------+--------+--------+--------+-----+--------+

Top non-repeatable levels by time:
     D:1: 1498 daAuts
     D:3: 915 daAuts
     D:2: 767 daAuts
     D:4: 320 daAuts
